 Dungeon Crawl Stone Soup version 0.27-a0-1196-g3e9cee4cb2 (webtiles) character file.

Game seed: 16691955861826348906

62 Glokmah the Vexing (level 3, -1/29 HPs)
             Began as a Draconian Arcane Marksman on May 29, 2021.
             Was a Believer of Cheibriados.
             Slain by a gnoll
             ... wielding a +0 spear
              (7 damage)
             ... on level 2 of the Dungeon.
             The game lasted 00:04:27 (1480 turns).

Glokmah the Vexing (Draconian Arcane Marksman)      Turns: 1480, Time: 00:04:28

Health: -1/29      AC:  5    Str: 18    XL:     3   Next: 85%
Magic:  5/5        EV: 12    Int: 19    God:    Cheibriados [**....]
Gold:   119        SH:  0    Dex: 18    Spells: 4/5 levels left

rFire    . . .     SeeInvis .   a - +0 hand crossbow
rCold    . . .     Faith    .   (no shield)
rNeg     . . .     Spirit   .   (armour unavailable)
rPois    .         Reflect  .   (helmet restricted)
rElec    .         Harm     .   (no cloak)
rCorr    .         Rampage  .   (no gloves)
Will     .....                  (no boots)
Stlth    ++........             (no amulet)
HPRegen  0.09/turn              (no ring)
MPRegen  0.09/turn              (no ring)

@: very slow
A: AC +5, unfitting armour, cold-blooded
a: Renounce Religion, Bend Time


You were on level 2 of the Dungeon.
You worshipped Cheibriados.
Cheibriados was pleased with you.
You visited 1 branch of the dungeon, and saw 2 of its levels.

You collected 119 gold pieces.

Inventory:

Hand Weapons
 a - a +0 hand crossbow (weapon)
 b - a +0 trident
Missiles
 c - 15 bolts (quivered ammo)
Armour
 f - a +0 pair of gloves
Magical Staves
 g - a staff of air
Scrolls
 e - a scroll of magic mapping
Potions
 d - a potion of mutation {unknown}


   Skills:
 + Level 2.0 Fighting
 * Level 2.8 Crossbows
 - Level 1.7 Dodging
 + Level 1.7 Spellcasting
 + Level 3.1 Hexes


You had 4 spell levels left.
You knew the following spells:

 Your Spells              Type           Power      Damage    Failure   Level
a - Corona                Hex            14%        N/A       4%          1

Your spell library contained the following spells:

 Spells                   Type           Power      Damage    Failure   Level
 Slow                     Hex            13%        N/A       8%          2
 Inner Flame              Hex/Fire       7%         N/A       28%         3
 Portal Projectile        Hex/Tloc       14%        N/A       28%         3
 Cause Fear               Hex            6%         N/A       43%         4
 Leda's Liquefaction      Hex/Erth       3%         N/A       67%         4


Dungeon Overview and Level Annotations

Branches:
Dungeon (2/15)

Altars:
Cheibriados
Fedhas


Innate Abilities, Weirdness & Mutations

Your plain brown scales are hard. (AC +5)
You cannot fit into any form of body armour.
You are cold-blooded and may be slowed by cold attacks.


Message History

a - a +0 hand crossbow (weapon)
The gnoll hits you from afar with a +0 spear.
The gnoll misses you. The gnoll closely misses you.
Fire: 20 bolts
Press: ? - help, Q - select action, (/) - cycle Shift-Dir - straight line, f/p - gnoll
Aim: a gnoll, wielding a +0 halberd (moderately wounded, 69% to hit)
You shoot a bolt. The bolt hits the gnoll!
You kill the gnoll!
Cheibriados thoroughly appreciates the change of pace.
The gnoll barely misses you.
Your Fighting skill increases to level 2!
Fire: 19 bolts
Press: ? - help, Q - select action, (/) - cycle Shift-Dir - straight line, f - gnoll
Aim: a gnoll, wielding a +0 spear (69% to hit)
You shoot a bolt. The bolt closely misses the gnoll.
The gnoll closely misses you. x2; The gnoll barely misses you.
Unknown command.
Fire: 18 bolts
Press: ? - help, Q - select action, (/) - cycle Shift-Dir - straight line, f/p - gnoll
Aim: a gnoll, wielding a +0 spear (69% to hit)
You shoot a bolt. The bolt barely misses the gnoll.
The gnoll hits you from afar with a +0 spear.
The gnoll misses you. The gnoll hits you but does no damage.
Fire: 17 bolts
Press: ? - help, Q - select action, (/) - cycle Shift-Dir - straight line, f/p - gnoll
Aim: a gnoll, wielding a +0 spear (69% to hit)
You shoot a bolt. The bolt hits the gnoll!
The gnoll is almost dead.
The gnoll hits you from afar with a +0 spear.
* * * LOW HITPOINT WARNING * * *
The gnoll barely misses you.
Fire: 16 bolts
Press: ? - help, Q - select action, (/) - cycle Shift-Dir - straight line, f/p - gnoll
Aim: a gnoll, wielding a +0 spear (almost dead, 69% to hit)
You shoot a bolt. The bolt hits the gnoll.
You kill the gnoll!
Cheibriados appreciates the change of pace.
The gnoll hits you from afar with a +0 spear!
You die...

..............
..................
..#.........÷..#####
#.#.........##..#
...........##..###
#...............##
#...........÷.....
#..............##†
#####@.............##.
##..)..................
###...g...#....†.....##..
#....................##..
..###(...).....#........###..
.........................#.).
######'##................#..#
... #...................#
..... #.....#..........##.#


You could see a gnoll.

Vanquished Creatures
  3 gnolls (D:2)
  A worm (D:2)
  4 ball pythons
  2 bats (D:2)
  2 endoplasms (D:1)
  4 giant cockroaches
  3 goblins
  2 hobgoblins
  A jackal (D:1)
  3 quokkas (D:1)
  A frilled lizard (D:2)
  2 kobolds
  11 rats
39 creatures vanquished.

Notes
Turn   | Place    | Note
-------+----------+-------------------------------------------
     0 | D:1      | Glokmah the Draconian Arcane Marksman began the quest for
                  | the Orb.
     0 | D:1      | Reached XP level 1. HP: 16/16 MP: 2/2
   157 | D:1      | Found a faded altar of an unknown god.
   177 | D:1      | Became a worshipper of Cheibriados the Contemplative
   177 | D:1      | Reached * piety under Cheibriados
   440 | D:1      | Reached XP level 2. HP: 19/23 MP: 3/3
   780 | D:1      | Reached ** piety under Cheibriados
  1112 | D:2      | Reached XP level 3. HP: 29/29 MP: 5/5
  1223 | D:2      | Found a blossoming altar of Fedhas.
  1263 | D:2      | Reached skill level 3 in Hexes
  1480 | D:2      | Slain by a gnoll

Illustrated notes

Levels and vault maps discovered:
D:1:      wheals_arrival_linesprint, layout_loops_cross,
          shapermc_ecumenical_altar_totnotflames, minmay_unequal
D:2:      layout_rooms, basic_altar, minivault_25, minmay_rat_gold_closets

Skill      XL: |  1  2  3 |
---------------+----------+-----
Crossbows      | 2 |  2.8
Hexes          | 3 |  3.1
Fighting       | 2 |  2.0
Dodging        | |  1.7
Spellcasting   | |  1.7

Action                   || total
-------------------------++-------
Melee: Trident           ||   109
       Tailslap          ||    13
 Fire: Hand crossbow     ||     6
  Use: Scroll            ||     3
 Stab: Sleeping          ||     4
       Distracted        ||     1
Armor: Skin              ||    31
Dodge: Dodged            ||    68

Table legend: (Time is in decaauts)
 A = Elapsed time spent in this place.
 B = Non-inter-level travel time spent in this place.
 C = Inter-level travel time spent in this place.
 D = Time resting spent in this place.
 E = Time spent auto-exploring this place.
 F = Levels seen in this place.
 G = Mean time per level.
                   A        B        C        D        E       F      G
               +--------+--------+--------+--------+--------+-----+--------+
         Total |   1887 |   1712 |    175 |      0 |   1292 |   2 |  943.5 |
       Dungeon |   1887 |   1712 |    175 |      0 |   1292 |   2 |  943.5 |
               +--------+--------+--------+--------+--------+-----+--------+

Top non-repeatable levels by time:
     D:1: 1288 daAuts
     D:2: 599 daAuts
